 Dungeon Crawl Stone Soup version 0.31.0-11-ge490571c62 (webtiles) character file.

Game seed: 5972702135710336655

287 Gadfly the Changeling (level 6, -2/45 HPs)
             Began as a Merfolk Shapeshifter on Jan 29, 2024.
             Was a Believer of Uskayaw.
             Slain by Pikel
             ... wielding a +0 whip of freezing
              (7 damage)
             ... on level 4 of the Dungeon.
             The game lasted 00:03:56 (2210 turns).

Gadfly the Changeling (Merfolk Shapeshifter)        Turns: 2210, Time: 00:03:57

Health: -2/45      AC:  2    Str: 16    XL:     6   Next: 30%
Magic:  8/8        EV: 13    Int: 10    God:    Uskayaw [**....]
Gold:   169        SH:  0    Dex: 13    Spells: 5/5 levels left

rFire   . .          .
                       - Unarmed
rCold   . . .        (no shield)
rNeg    . . .        a - +0 animal skin
rPois   .            (helmet currently unavailable)
rElec   .            (cloak currently unavailable)
rCorr   .            (gloves currently unavailable)
SInv    .            (boots currently unavailable)
Will    +....        h - amulet of regeneration
Stlth   +            (no ring)
HPRegen 1.07/turn    (no ring)
MPRegen 0.11/turn

%: no passive effects
@: beast-form, attractive, invisible
A: beast (slay +2), (nimble swimmer 2), mertail, strong-willed 1, MP-powered
wands
a: Begin Untransformation, Renounce Religion, Stomp, Line Pass


You were on level 4 of the Dungeon.
You worshipped Uskayaw.
Uskayaw was noncommittal.
You were a hulking beast.
You visited 1 branch of the dungeon, and saw 4 of its levels.

You collected 169 gold pieces.

Inventory:

Armour
 a - a +0 animal skin (worn)
Jewellery
 h - an amulet of regeneration (around neck)
 k - a ring of ice
Talismans
 c - a beast talisman
 d - a flux talisman
Scrolls
 g - 2 scrolls of blinking
Potions
 b - a potion of lignification
 i - a potion of mutation


   Skills:
 + Level 2.3 Fighting
 * Level 3.7 Dodging
 * Level 4.5 Unarmed Combat
 * Level 2.7 Invocations
 * Level 2.6 Evocations
 + Level 4.7 Shapeshifting


You had 5 spell levels left.
You didn't know any spells.
Your spell library was empty.

Dungeon Overview and Level Annotations

Branches:
Dungeon (4/15)
 Temple: D:4-7

Altars:
Uskayaw

Shops:
D:2 =

Annotations:
D:4 Pikel


Innate Abilities, Weirdness & Mutations

You are a hulking beast.
Your limbs bulge with bestial killing power. (Slay +2)
((You are very nimble when in or above water. (Stealth+, EV+, Speed+++)))
Your lower body shifts to a powerful aquatic tail in water.
You are strong-willed. (Will+)
You expend magic power (3 MP) to strengthen your wands.


Message History

You are too injured to fight recklessly!
You are too injured to fight recklessly!
You are too injured to fight recklessly!
You are too injured to fight recklessly!
You are too injured to fight recklessly!
You punch Pikel!
Pikel is severely wounded.
Pikel misses you.
You closely miss Pikel.
Pikel is severely wounded.
Pikel hits you but does no damage.
You hit Pikel.
Pikel is severely wounded.
Pikel hits you with a +0 whip of freezing!
Pikel freezes you.
You hit Pikel.
Pikel is severely wounded.
Pikel closely misses you.
You closely miss Pikel.
Pikel is severely wounded.
Pikel hits you with a +0 whip of freezing.
Pikel freezes you.
You hit Pikel but do no damage.
Pikel is severely wounded.
Pikel hits you with a +0 whip of freezing!
* * * LOW HITPOINT WARNING * * *
Pikel freezes you.
* * * LOW HITPOINT WARNING * * *
You hit Pikel but do no damage.
Pikel is severely wounded.
Pikel misses you.
It was a potion of attraction.
You feel attractive to monsters. Pikel waves his whip at you.
Pikel closely misses you.
It was a potion of invisibility.
You fade into invisibility!
Pikel hits you with a +0 whip of freezing!
You die...
Pikel says, "See you in Hell!"

.#### #......# ....#
########......#
....####.............#
.....................#
.............<..######
................#
.......)........# ######
................##555..#
.#######........hK5#
.##############.##.+
........# #.# ##
........# #.# >...)...#
#.. ........# ..#
........# .## .........#
. .....###.#


You could see Pikel (unable to see you) and 4 lemures.

Vanquished Creatures
  Sigmund (D:2)
  A sleepcap (D:3)
  4 adders
  A ribbon worm (D:2)
  4 dart slugs
  4 orcs (D:3)
  5 bats
  7 endoplasms
  5 giant cockroaches
  6 goblins
  A hobgoblin (D:1)
  3 ball pythons
  4 kobolds
  4 rats
50 creatures vanquished.

Notes
Turn   | Place    | Note
-------+----------+-------------------------------------------
     0 | D:1      | Gadfly the Merfolk Shapeshifter began the quest for the
                  | Orb.
     0 | D:1      | Reached XP level 1. HP: 15/15 MP: 1/1
   143 | D:1      | Reached XP level 2. HP: 21/21 MP: 2/2
   468 | D:1      | Reached skill level 1 in Invocations
   469 | D:1      | Reached skill level 1 in Evocations
   469 | D:1      | Reached XP level 3. HP: 23/26 MP: 3/3
   646 | D:2      | Noticed Sigmund
   655 | D:2      | Killed Sigmund
   656 | D:2      | Reached XP level 4. HP: 33/33 MP: 3/5
   656 | D:2      | Reached XP level 5. HP: 38/38 MP: 3/6
  1058 | D:2      | Found Lugopp's Jewellery Shoppe.
  1180 | D:2      | Identified the ring of Pemeven {MP+9 Int+2}
  1626 | D:3      | Reached XP level 6. HP: 25/44 MP: 7/7
  1813 | D:3      | Noticed a +0 short sword
  1813 | D:3      | Noticed a +0 falchion
  1813 | D:3      | Noticed a +0 falchion
  1813 | D:3      | Noticed a +0 dagger
  1815 | D:3      | Noticed a +0 dagger
  1824 | D:3      | Found a hide-covered altar of Uskayaw.
  1824 | D:3      | Noticed a +0 short sword
  1825 | D:3      | Noticed a +0 spear
  1829 | D:3      | Became a worshipper of Uskayaw the Reveller
  1829 | D:3      | Noticed a +0 spear
  1883 | D:3      | Reached * piety under Uskayaw
  2069 | D:3      | Gained mutation: You are strong-willed. (Will+) [potion of
                  | mutation]
  2069 | D:3      | Gained mutation: You expend magic power (3 MP) to
                  | strengthen your wands. [potion of mutation]
  2185 | D:4      | Noticed Pikel
  2194 | D:4      | Reached ** piety under Uskayaw
  2207 | D:4      | HP: 2/45 [Pikel/+0 whip of freezing (4)]
  2210 | D:4      | Slain by Pikel

Illustrated notes

Levels and vault maps discovered:
D:1:      dpeg_arrival_renting, layout_rooms, nicolae_kite_square_tiling_tiny,
          minmay_split_cup_small
D:2:      layout_loops_ring, serial_shops, nicolae_shop_crystal, uniq_sigmund
D:3:      layout_rooms, nicolae_uskayaw_en_pointe
D:4:      nicolae_cairo_tiling_large, layout_basic, uniq_pikel

Skill      XL: |  1  2  3 |
---------------+----------+-----
Invocations    | 1 2 |  2.7
Dodging        | 3 |  3.7
Evocations     | 1 2 |  2.6
Fighting       | 2 |  2.3
Unarmed Combat | 4 |  4.5
Shapeshifting  | |  4.7

Action                     |  1- 3 |  4- 6 || total
---------------------------+-------+-------++-------
  Melee: Unarmed           |    51 |   113 ||   164
         Punch             |     1 |     4 ||     5
    Use: Scroll            |     2 |     6 ||     8
         Potion            |       |     3 ||     3
   Stab: Sleeping          |     1 |     1 ||     2
 Armour: Animal skin       |    23 |    56 ||    79
  Dodge: Dodged            |    18 |    65 ||    83
